 Dungeon Crawl Stone Soup version 0.30.0-10-gfe55d96785 (webtiles) character file.

Game seed: 18376160050792481458

1966 browni3141 the Geomancer (level 9, -1/68 HPs)
             Began as a Barachi Earth Elementalist on May 13, 2023.
             Slain by a vampire
             ... wielding a staff of conjuration
              (2 damage)
             ... on level 6 of the Dungeon.
             The game lasted 00:10:15 (6038 turns).

browni3141 the Geomancer (BaEE)                     Turns: 6038, Time: 00:10:16

Health: -1/68      AC:  4    Str: 10    XL:     9   Next: 19%
Magic:  13/13      EV: 12    Int: 20    God:
Gold:   331        SH:  5    Dex: 18    Spells: 8/14 levels left

rFire   . . .        C - +0 falchion
rCold   . . .        P - +0 buckler
rNeg    . . .        S - +0 troll leather armour
rPois   .            M - +0 helmet
rElec   .            N - +0 cloak
rCorr   +            (no gloves)
SInv    .            Y - +1 pair of boots
Will    .....        (no amulet)
Stlth   ++           s - ring of resist corrosion
HPRegen 1.11/turn    X - +6 ring of dexterity
MPRegen 0.13/turn

%: no passive effects
@: corroded, unable to hop, slow
A: amphibious, slowness 1, strong legs 1, +LOS
a: Hop


You were on level 6 of the Dungeon.
You visited 1 branch of the dungeon, and saw 6 of its levels.

You collected 331 gold pieces.

Inventory:

Hand Weapons
 o - a +0 short sword
 C - a +0 falchion (weapon)
Missiles
 J - 36 poisoned darts
 O - 2 atropa-tipped darts
 R - a curare-tipped dart
 T - 3 boomerangs
 Z - 2 javelins
Armour
 a - a +0 robe
 M - a +0 helmet (worn)
 N - a +0 cloak (worn)
 P - a +0 buckler (worn)
 S - a +0 troll leather armour (worn)
 Y - a +1 pair of boots (worn)
Jewellery
 s - a ring of resist corrosion (left hand)
 X - a +6 ring of dexterity (right hand)
Wands
 p - a wand of polymorph (5)
 V - a wand of flame (20)
Scrolls
 q - a scroll of immolation {unknown}
 r - 6 scrolls of identify
 y - a scroll of noise {unknown}
 A - a scroll of teleportation {unknown}
 B - a scroll of fear {unknown}
 F - 4 scrolls of fog
 I - a scroll of magic mapping {unknown}
 K - 2 scrolls of enchant armour {unknown}
 L - a scroll of vulnerability {unknown}
 U - a scroll of poison {unknown}
 W - a scroll of acquirement {unknown}
Potions
 k - 2 potions of curing {unknown}
 l - a potion of might {unknown}
 m - 2 potions of magic
 n - 2 potions of haste {unknown}
 u - a potion of invisibility {unknown}
 v - a potion of flight {unknown}
 w - 2 potions of berserk rage {unknown}
 x - a potion of mutation {unknown}
 H - a potion of heal wounds
 Q - a potion of lignification {unknown}


   Skills:
 + Level 5.1 Fighting
 * Level 6.9 Long Blades
 - Level 2.0 Armour
 - Level 3.0 Dodging
 - Level 2.0 Stealth
 * Level 3.6 Shields
 - Level 3.0 Spellcasting
 - Level 2.0 Transmutations
 - Level 8.0 Earth Magic


You had 8 spell levels left.
You knew the following spells:

 Your Spells              Type           Power      Damage    Failure   Level
a - Sandblast             Erth           70%        2d15      1%          1
b - Stone Arrow           Conj/Erth      38%        3d9       16%         3
P - Passwall              Tmut/Erth      19%        N/A       5%          2

Your spell library contained the following spells:

 Spells                   Type           Power      Damage    Failure   Level
 Beastly Appendage        Tmut           22%        N/A       12%         1
 Wereblood                Tmut           11%        N/A       19%         2
 Apportation              Tloc           6%         N/A       26%         1
 Necrotise                Necr           12%        1d4       26%         1
 Summon Small Mammal      Summ           12%        N/A       26%         1
 Petrify                  Tmut/Erth      23%        N/A       34%         4
 Spider Form              Tmut/Pois      7%         N/A       47%         3
 Portal Projectile        Hex/Tloc       6%         N/A       63%         3
 Tukima's Dance           Hex            3%         N/A       63%         3
 Blade Hands              Tmut           5%         N/A       97%         5


Dungeon Overview and Level Annotations

Branches:
Dungeon (6/15)
 Temple: D:4-7

Altars:
Makhleb
Okawaru
Sif Muna
Yredelemnul
The Shining One

Annotations:
D:6 5 runed translucent doors, monsoonserge's ghost, novice MeMo


Innate Abilities, Weirdness & Mutations

You are amphibious.
You cover ground slowly.
You can hop short distances.
You have an extended range of vision and can be seen from far away.


Message History

There is a stone staircase leading up here.
You climb upwards.
The rust devil screeches!
Reactivating autopickup.
The orc warrior shouts!
There is a stone staircase leading down here.
There are monsters nearby!
There are monsters nearby!
There are monsters nearby!
Press: ? - help, v - describe, . - travel, g - get item Item here: a twisted halberd.
The floor.
Unknown command.
The blast of sand hits the orc warrior.
The orc warrior is lightly wounded.
The rust devil screeches!
You block the orc warrior's attack.
You climb downwards.
Level annotation: 5 runed translucent doors, monsoonserge's ghost, novice MeMo
There is a stone staircase leading up here.
Magic restored.
You now have 331 gold pieces (gained 11).
A vampire is nearby!
A vampire is nearby!
A vampire is nearby!
The blast of sand hits the vampire.
The vampire is moderately damaged.
The blast of sand hits the vampire but does no damage.
The vampire is moderately damaged.
The vampire barely misses you.
The vampire bites you but does no damage.
The blast of sand hits the vampire.
The vampire is moderately damaged.
The vampire hits you with a staff of conjuration!
The vampire bites you.
The vampire draws strength from your injuries!
The vampire mumbles some strange words.
The vampire flickers and vanishes!
Deactivating autopickup; reactivate with Ctrl-A.
Hop to where?
Press: ? - help, Dir - move target Boing!
There is a stone staircase leading up here.
HP restored.
You climb upwards.
Reactivating autopickup.
The orc warrior hits you with a +0 dire flail!
The orc warrior hits you from afar with a +0 trident!
The orc warrior barely misses you.
There is a stone staircase leading down, spattered with blood here.
Okay, then.
Unknown command.
Unknown command.
Unknown command.
Unknown command.
The rust devil hits you. You block the orc warrior's attack.
The orc warrior hits you from afar with a +0 trident.
You climb downwards.
Level annotation: 5 runed translucent doors, monsoonserge's ghost, novice MeMo Something hits you.
Deactivating autopickup; reactivate with Ctrl-A.
You block something's attack. Something hits you!
* * * LOW HITPOINT WARNING * * *
Something completely misses you.
There is a stone staircase leading up, spattered with blood here.
Your legs are too worn out to hop.
Unknown command.
As you read the scroll labelled BOG ECAISSI, it crumbles to dust.
The scroll dissolves into smoke.
It was a scroll of fog.
F - 4 scrolls of fog Something hits you.
* * * LOW HITPOINT WARNING * * *
Something bites you!
* * * LOW HITPOINT WARNING * * *
Something draws strength from your injuries!
The orc warrior hits you with a +0 dire flail!
* * * LOW HITPOINT WARNING * * *
The rust devil hits you.
Unknown command.
As you read the scroll labelled EHYALA ZOBAZ, it crumbles to dust.
It is a scroll of identify.
z - 2 potions of heal wounds;
H - 2 potions of heal wounds
r - 6 scrolls of identify Something hits you but does no damage.
Something bites you.
* * * LOW HITPOINT WARNING * * *
Something draws strength from your injuries!
The rust devil misses you.
The orc warrior hits you with a +0 dire flail!
* * * LOW HITPOINT WARNING * * *
You feel much better. Something barely misses you. Something bites you.
* * * LOW HITPOINT WARNING * * *
Something draws strength from your injuries!
The rust devil hits you.
* * * LOW HITPOINT WARNING * * *
The rust devil corrodes you! The orc warrior closely misses you.
Unknown command.
Something hits you!
* * * LOW HITPOINT WARNING * * *
Something blasts you.
You die...

####.########.).....#
..##......>##.[...#...
#.########..#)....#####.
..............<.........
##.##########.....######
....# #§§§..# .$..#
#§§§§.# ##+## #§o{§§#
#.~.# #§4§@§# #.~.#
####### #.~.# #.~.#
#.$.# #####


You could see a rust devil and an orc warrior.

Vanquished Creatures
  A rime drake (D:5)
  Menkaure (D:5)
  A water moccasin (D:6)
  2 ice beasts (D:6)
  A black bear (D:6)
  A centaur (D:5)
  A kobold brigand (D:5)
  2 bullfrogs (D:6)
  A scorpion (D:4)
  A gnoll sergeant (D:6)
  A killer bee (D:6)
  3 hounds
  3 jellies
  An orc priest (D:4)
  3 iguanas
  A sleepcap (D:6)
  Natasha (thrice) (D:3)
  4 orc wizards
  9 gnolls
  8 adders
  An ufetubus (D:6)
  A worm (D:3)
  3 dart slugs
  16 orcs
  2 ball pythons
  6 endoplasms
  9 giant cockroaches
  15 goblins
  12 hobgoblins
  3 jackals (D:3)
  4 quokkas
  6 bats
  2 frilled lizards
  11 kobolds
  17 rats
156 creatures vanquished.

Vanquished Creatures (others)
  An orc wizard (D:3)
1 creature vanquished.

Grand Total: 157 creatures vanquished

Notes
Turn   | Place    | Note
-------+----------+-------------------------------------------
     0 | D:1      | browni3141 the Barachi Earth Elementalist began the quest
                  | for the Orb.
     0 | D:1      | Reached XP level 1. HP: 13/13 MP: 3/3
    92 | D:1      | Reached XP level 2. HP: 20/22 MP: 1/5
   544 | D:1      | Reached XP level 3. HP: 27/27 MP: 6/6
  1310 | D:2      | Found a faded altar of an unknown god.
  1514 | D:2      | Reached skill level 3 in Dodging
  1514 | D:2      | Reached XP level 4. HP: 33/33 MP: 5/8
  1750 | D:3      | Reached skill level 3 in Spellcasting
  1753 | D:3      | Learned a level 2 spell: Passwall
  1757 | D:3      | Learned a level 3 spell: Stone Arrow
  1936 | D:3      | Found a glowing golden altar of the Shining One.
  2360 | D:3      | Noticed Natasha
  2371 | D:3      | Killed Natasha
  2372 | D:3      | Reached XP level 5. HP: 32/38 MP: 4/9
  2532 | D:3      | Noticed Natasha
  2541 | D:3      | Killed Natasha
  2542 | D:3      | Reached skill level 4 in Earth Magic
  2587 | D:3      | Found a shimmering blue altar of Sif Muna.
  2769 | D:3      | Noticed Natasha
  2771 | D:3      | Killed Natasha
  2814 | D:3      | Reached skill level 5 in Earth Magic
  2906 | D:3      | Reached XP level 6. HP: 44/44 MP: 8/10
  3612 | D:4      | Reached skill level 6 in Earth Magic
  3774 | D:4      | Reached XP level 7. HP: 45/50 MP: 8/11
  3968 | D:4      | Found a basalt altar of Yredelemnul.
  3978 | D:4      | Found a burning altar of Makhleb.
  4030 | D:5      | Entered Level 5 of the Dungeon
  4066 | D:5      | Reached skill level 7 in Earth Magic
  4101 | D:5      | Noticed Menkaure
  4105 | D:5      | Killed Menkaure
  4179 | D:5      | an acid dragon changed into a rime drake
  4179 | D:5      | Noticed a rime drake
  4184 | D:5      | Killed a rime drake
  4185 | D:5      | Reached skill level 8 in Earth Magic
  4185 | D:5      | Reached XP level 8. HP: 4/57 MP: 7/12
  4299 | D:5      | Reached skill level 3 in Fighting
  4299 | D:5      | Reached skill level 3 in Long Blades
  4553 | D:5      | Noticed Edmund
  4567 | D:5      | Edmund changed into Edmund the iguana
  4567 | D:5      | Noticed Edmund
  4571 | D:5      | Killed Edmund the iguana
  4959 | D:5      | Found an iron altar of Okawaru.
  5536 | D:6      | Found a large runed translucent door.
  5536 | D:6      | Noticed a shadow
  5537 | D:6      | Found a large runed translucent door.
  5541 | D:6      | Found a large runed translucent door.
  5543 | D:6      | Found a large runed translucent door.
  5544 | D:6      | Noticed a cyclops
  5569 | D:6      | Reached skill level 6 in Long Blades
  5616 | D:6      | Reached XP level 9. HP: 12/67 MP: 0/13
  5722 | D:6      | Reached skill level 3 in Shields
  5947 | D:6      | Found a runed translucent door.
  5949 | D:6      | Noticed monsoonserge's ghost (novice MeMo)
  5989 | D:5      | Noticed a rust devil
  5989 | D:5      | Noticed a rust devil
  6035 | D:6      | HP: 2/68 [orc warrior/+0 dire flail (7)]
  6038 | D:6      | Slain by a vampire

Illustrated notes

Levels and vault maps discovered:
D:1:      eino_arrival_water_star, layout_basic
D:2:      layout_basic, basic_ecumenical_altar
D:3:      minmay_chambers_of_twos, layout_basic, led_sif_book,
          nicolae_tso_carved_into_rock, serial_curves, eino_curves_02,
          eino_curves_02, eino_curves_03, eino_curves_04,
          chequers_hall_statues_y, amcnicky_mini_pool_small, uniq_natasha
D:4:      layout_loops_cross, amethyst_overflow_temple_binary,
          minmay_goblin_outpost
D:5:      cheibrodos_iron_armory, layout_layer_cave,
          mainiacjoe_overflow_brackets, gup_sewer_entry_bowl, uniq_edmund,
          uniq_menkaure
D:6:      layout_rooms, ebering_ghost_reflecting_pool,
          minmay_hollow_rounded_squares, uniq_duvessa

Skill      XL: |  1  2  3  4  5  6  7  8  9 |
---------------+----------------------------+-----
Fighting       | 1 2 4 5 |  5.1
Stealth        | 2 |  2.0
Transmutations | 2 |  2.0
Dodging        | 3 |  3.0
Spellcasting   | 3 |  3.0
Earth Magic    | 5 6 8 |  8.0
Long Blades    | 2 6 |  6.9
Armour         | 1 2 |  2.0
Shields        | 2 3 |  3.6

Action                     |  1- 3 |  4- 6 |  7- 9 || total
---------------------------+-------+-------+-------++-------
  Melee: Falchion          |    35 |    10 |    29 ||    74
         Unarmed           |     5 |       |       ||     5
         Punch             |     1 |       |       ||     1
   Cast: Sandblast         |    47 |    93 |    93 ||   233
         Stone Arrow       |       |       |     2 ||     2
Ability: Hop               |       |       |     6 ||     6
  Evoke: Wand              |       |       |    18 ||    18
    Use: Scroll            |       |       |     2 ||     2
         Potion            |       |       |     1 ||     1
 Armour: Robe              |    21 |     7 |     4 ||    32
         Troll leather arm |       |       |    29 ||    29
  Dodge: Dodged            |    58 |    48 |    84 ||   190
  Block: Buckler           |       |       |    14 ||    14
